 Dungeon Crawl Stone Soup version 0.32-a0-913-g739538afd8 (webtiles) character file.

Game seed: 4614804133858486269

84 shaman420 the Vexing (level 4, 0/30 HPs)
             Began as an Octopode Hexslinger on Apr 9, 2024.
             Slain by an orc wizard
             ... wielding a +0 dagger
              (1 damage)
             ... on level 3 of the Dungeon.
             The game lasted 00:03:34 (1472 turns).

shaman420 the Vexing (Octopode Hexslinger)          Turns: 1472, Time: 00:03:35

Health: 0/30       AC:  1    Str:  7    XL:     4   Next: 46%
Magic:  6/6        EV: 12    Int: 17    God:
Gold:   142        SH:  0    Dex: 14    Spells: 4/6 levels left

rFire   . . .        b - +3 spear (venom)
rCold   . . .        (no shield)
rNeg    . . .        (helmet restricted)
rPois   .            (no amulet)
rElec   .            (no ring)
rCorr   .            (no ring)
SInv    .            (no ring)
Will    .....        (no ring)
Stlth   ++           (no ring)
HPRegen 0.25/turn    (no ring)
MPRegen 0.10/turn    (no ring)
                     (no ring)

%: no passive effects
@: no status effects
A: almost no armour, amphibious, 8 rings, camouflage 1, gelatinous body 1,
(nimble swimmer 1), tentacles
a: no special abilities


You were on level 3 of the Dungeon.
You visited 1 branch of the dungeon, and saw 3 of its levels.

You collected 142 gold pieces.

Inventory:

Hand Weapons
 a - a +1 sling
 b - a +3 spear of venom (weapon)
 n - a +1 dagger of flaming
Missiles
 i - 15 stones (quivered)
Scrolls
 c - a scroll of poison
 d - 3 scrolls of identify {unknown}
 g - a scroll of fog {unknown}
 j - 3 scrolls of immolation {unknown}
 m - 2 scrolls of teleportation {unknown}
Potions
 e - 2 potions of curing {unknown}
 f - a potion of resistance {unknown}
 h - a potion of brilliance {unknown}
 k - a potion of haste {unknown}
 l - 2 potions of might {unknown}


   Skills:
 * Level 2.7 Fighting
 + Level 0.0 Polearms
 - Level 2.6 Ranged Weapons
 - Level 2.0 Dodging
 + Level 1.8 Spellcasting
 + Level 3.4 Hexes
 - Level 1.0 Fire Magic


You had 4 spell levels left.
You knew the following spells:

 Your Spells              Type           Power      Damage    Failure   Level
a - Jinxbite              Hex            26%        N/A       7%          2

Your spell library contained the following spells:

 Spells                   Type           Power      Damage    Failure   Level
 Sigil of Binding         Hex            13%        N/A       14%         3
 Tukima's Dance           Hex            13%        N/A       14%         3
 Inner Flame              Hex/Fire       9%         N/A       24%         3
 Static Discharge         Conj/Air       2%         3-4/arc   30%         2
 Cause Fear               Hex            6%         N/A       43%         4
 Dimensional Bullseye     Hex/Tloc       3%         N/A       67%         4
 Airstrike                Air            0%         2d(1-17)  89%         4
 Iskenderun's Mystic Bla Conj/Tloc 1%             2d3        (+2d1     89%         4
 Summon Lightning Spire   Summ/Air       1%         N/A       89%         4


Dungeon Overview and Level Annotations

Branches:
Dungeon (3/15)

Altars:


Innate Abilities, Weirdness & Mutations

You cannot wear most types of armour.
You are amphibious.
You can wear up to eight rings at the same time.
Your skin changes colour to match your surroundings (Stealth+).
Your rubbery body absorbs attacks. (AC +1, EV +1)
((You are camouflaged when in or above water. (Stealth+)))
You have tentacles for arms and can constrict up to eight enemies at once.


Message History

You shoot a sling bullet. The sling bullet hits the orc wizard.
The orc wizard is severely wounded.
The orc wizard casts a spell at you. The puff of flame hits you!
The orc wizard mumbles some strange words.
The orc wizard flickers and vanishes!
Deactivating autopickup; reactivate with Ctrl-A.
Your +3 spear of venom begins to drip with poison!
b - a +3 spear of venom (weapon)
You are too injured to fight recklessly!
You are too injured to fight recklessly!
You are too injured to fight recklessly!
You hit the orc.
The orc is poisoned.
Your grab misses the orc. You squeeze the orc.
You kill the orc!
Reach: b) +3 spear (venom)
Press: ? - help, Dir - move target, f - orc
Aim: an orc, wielding a +0 club and wearing a +0 leather armour (heavily wounded, about 35% to evade your +3 spear of venom)
You reach to attack!
You barely miss the orc.
The orc is heavily wounded.
You barely miss the orc. You grab the orc.
The orc is heavily wounded.
You constrict the orc.
You kill the orc!
You closely miss the orc. Your grab misses the orc.
The orc hits you with a +0 hand axe. Something hits you.
The orc barely misses you. Something hits you.
* * * LOW HITPOINT WARNING * * *
You hit the orc. You grab the orc.
The orc is moderately wounded.
You constrict the orc. The orc hits you with a +0 hand axe.
* * * LOW HITPOINT WARNING * * *
Something hits you.
* * * LOW HITPOINT WARNING * * *
You hit the orc.
You kill the orc!
Something hits you.
* * * LOW HITPOINT WARNING * * *
You barely miss something. Something hits you.
You die...

#. #..# #.#...#.#..
#.#.#####..###.#.#.#.#.#
#.#.....#............#.#
#..........###.#.#.###.#
#####.###..##.# #.#.#.#
#.# ... ...#..##.#
#.#.#.# #.#
#.###.#..##.###.#.#.#
#.# ...#..).##†....#.#.#
#.# #.#..#@##..<..#.#.#
#.# #..o.#.##.....#.#.#
#.# #..#o#.##.....#.#.#
#.# #....#.#.##.....#
#.# #.#
#..#.#o#.##.....#
#.###.#
........#.##.....#
#.#...#
##.....###........#
#.#.### .......#
####.....# #.#.#
........ #.#.#


There were no monsters in sight!

Vanquished Creatures
  3 adders
  A gnoll (D:1)
  3 dart slugs (D:1)
  3 orcs (D:3)
  4 endoplasms
  4 giant cockroaches
  2 hobgoblins (D:2)
  2 jackals (D:1)
  A ball python (D:2)
  2 bats
  7 kobolds
  9 rats
41 creatures vanquished.

Notes
Turn   | Place    | Note
-------+----------+-------------------------------------------
     0 | D:1      | shaman420 the Octopode Hexslinger began the quest for the
                  | Orb.
     0 | D:1      | Reached XP level 1. HP: 13/13 MP: 2/2
    93 | D:1      | Reached XP level 2. HP: 16/18 MP: 3/3
   369 | D:1      | Reached XP level 3. HP: 17/24 MP: 5/5
   504 | D:1      | Learned a level 2 spell: Jinxbite
  1029 | D:2      | Reached XP level 4. HP: 26/30 MP: 6/6
  1471 | D:3      | HP: 1/30 [something (3)]
  1472 | D:3      | Slain by an orc wizard

Illustrated notes

Levels and vault maps discovered:
D:1:      lightli_arrival_quake, layout_rooms, dreamdust_princess_bridge
D:2:      layout_loops_cross
D:3:      layout_basic, mainiacjoe_overflow_tiny_flanked,
          nemelex_spade_bored_becter, hangedman_abyss_or_decor_stabs,
          minmay_gold_behind_fungi, minmay_liquid_box,
          hangedman_abyss_or_decor_lesser_grid

Skill      XL: |  1  2  3 |
---------------+----------+-----
Fighting       | 2 |  2.7
Ranged Weapons | |  2.6
Dodging        | |  2.0
Spellcasting   | |  1.8
Hexes          | |  3.4
Fire Magic     | |  1.0

Action                     |  1- 3 |  4- 6 || total
---------------------------+-------+-------++-------
  Melee: Dagger            |    50 |     6 ||    56
         Short sword       |     4 |       ||     4
         Constrict         |    14 |     4 ||    18
         Tentacles         |    10 |     4 ||    14
         Unarmed           |     3 |       ||     3
         Spear             |       |     7 ||     7
   Fire: Sling             |       |     7 ||     7
   Stab: Sleeping          |     2 |     1 ||     3
 Armour: Skin              |    25 |    11 ||    36
  Dodge: Dodged            |    38 |     2 ||    40

Table legend: (Time is in decaauts)
 A = Elapsed time spent in this place.
 B = Non-inter-level travel time spent in this place.
 C = Inter-level travel time spent in this place.
 D = Time resting spent in this place.
 E = Time spent auto-exploring this place.
 F = Levels seen in this place.
 G = Mean time per level.
                   A        B        C        D        E       F      G
               +--------+--------+--------+--------+--------+-----+--------+
         Total |   1470 |   1444 |     26 |    108 |   1055 |   3 |  490.0 |
       Dungeon |   1470 |   1444 |     26 |    108 |   1055 |   3 |  490.0 |
               +--------+--------+--------+--------+--------+-----+--------+

Top non-repeatable levels by time:
     D:1: 676 daAuts
     D:2: 620 daAuts
     D:3: 172 daAuts
